Map: Ascension to Aiur LE

Players

Lillekanin - Winner!

  • Race: Terran Terran
  • Spawn Location: 11:00

ReiGn

  • Race: Protoss Protoss
  • Spawn Location: 5:00

Event: WCS Jonkoping 2017

VOD

Have the link to the VOD?

Description

Time

  • Played on: June 17, 2017, 7:49 a.m.
  • Length: 11:50

All games in this series

Show
View Real Time Build Order
Export as new Build Order

Lillekanin Terran - Winner!

Build Orders: Mech 

Get SALT Encoding   

  12  0:00  SCV  
  13  0:13  SCV  
  14  0:17  Supply Depot  
  14  0:25  SCV  
  15  0:29  Refinery  
  15  0:39  SCV  
  16  0:44  Barracks  
  16  0:51  SCV  
  17  1:03  SCV  
  18  1:15  SCV  
  20  1:34  Reaper  
  20  1:39  Orbital Command  
  20  1:54  Command Center  
  20  2:04  SCV  
  21  2:09  Factory  
  21  2:13  Barracks Reactor  
  21  2:17  SCV  
  21  2:21  Refinery  
  22  2:27  Supply Depot  
  22  2:32  SCV  
  23  2:49  SCV  
  24  2:56  Starport  
  28  2:58  Hellion x2  
  28  3:01  SCV  
  29  3:07  Orbital Command  
  29  3:13  SCV  
  30  3:22  Widow Mine x2  
  30  3:25  SCV  
  34  3:27  Supply Depot  
  34  3:32  Medivac  
  36  3:34  SCV  
  36  3:38  SCV  
  38  3:46  SCV  
  38  3:47  Supply Depot  
  39  3:50  SCV  
  39  3:54  Cyclone  
  43  3:59  SCV  
  43  4:02  SCV  
  43  4:07  Starport Tech Lab  
  43  4:11  SCV  
  43  4:13  Cyclone  
  43  4:14  Liberator, SCV  
  48  4:17  Refinery  
  48  4:23  SCV  
  49  4:26  SCV  
  49  4:27  Supply Depot  
  50  4:35  SCV  
  50  4:36  Hellion  
  54  4:38  SCV  
  54  4:41  Supply Depot  
  54  4:43  Barracks Tech Lab  
  55  4:46  Factory  
  55  4:47  SCV  
  55  4:50  SCV  
  57  4:59  SCV  
  56  5:02  SCV  
  57  5:07  Cyclone  
  57  5:10  Cyclone  
  57  5:11  SCV  
  64  5:14  SCV  
  64  5:15  Supply Depot  
  65  5:23  SCV, Command Center  
  65  5:27  SCV  
  67  5:28  Supply Depot  
  67  5:35  SCV, Raven  
  67  5:39  SCV  
  67  5:42  Supply Depot  
  71  5:45  Refinery  
  71  5:47  Hellion x2, SCV  
  71  5:49  Siege Tank  
  77  5:51  SCV  
  78  6:00  SCV  
  78  6:01  Supply Depot  
  78  6:03  SCV  
  77  6:07  Factory  
  77  6:11  Barracks Reactor  
  77  6:12  Engineering Bay  
  77  6:14  Hellion x2  
  77  6:15  Supply Depot  
  81  6:19  SCV  
  81  6:21  Factory, SCV  
  83  6:29  Siege Tank  
  83  6:32  SCV  
  87  6:33  SCV  
  87  6:36  Orbital Command, Supply Depot  
  88  6:40  Missile Turret  
  88  6:44  SCV  
  88  6:45  SCV  
  90  6:47  Missile Turret  
  86  6:55  Cyclone  
  86  6:57  Widow Mine  
  86  6:59  Widow Mine  
  86  7:00  Orbital Command, Widow Mine  
  86  7:01  Siege Tank  
  98  7:08  Factory Tech Lab  
  98  7:10  Banshee  
  102  7:15  SCV  
  102  7:18  SCV, Armory  
  103  7:25  SCV  
  103  7:26  Hellion  
  103  7:27  SCV  
  107  7:30  SCV  
  108  7:37  SCV  
  108  7:38  Refinery x2  
  108  7:40  SCV  
  108  7:43  SCV  
  111  7:47  Cyclone  
  111  7:48  Cyclone x2  
  111  7:50  SCV  
  121  7:52  SCV  
  121  7:54  Supply Depot  
  121  7:55  Supply Depot  
  120  8:00  Infernal Pre-Igniter  
  120  8:02  Hellion x2  
  124  8:05  SCV  
  124  8:06  SCV  
  124  8:10  Supply Depot  
  124  8:11  Supply Depot, Terran Vehicle Weapons Level 1  
  126  8:13  Supply Depot  
  126  8:15  Cyclone  
  127  8:22  Hellion x2  
  127  8:23  SCV  
  127  8:25  Starport  
  132  8:29  Hellion x2  
  132  8:30  Armory  
  132  8:31  SCV  
  132  8:33  SCV  
  138  8:42  Siege Tank  
  138  8:44  Cyclone  
  144  8:52  Starport  
  144  8:55  Hellion  
  146  8:59  Supply Depot, Cloaking Field  
  146  9:00  Siege Tank, Supply Depot  
  146  9:01  Hellion x2, Supply Depot  
  151  9:14  Cyclone  
  150  9:18  Starport Tech Lab  
  150  9:19  Terran Vehicle And Ship Armor Level 1  
  150  9:21  Banshee  
  150  9:22  Hellion x2  
  150  9:23  Hellion  
  159  9:32  Hellion  
  159  9:33  Hellion, Missile Turret  
  159  9:35  Starport Tech Lab, Command Center  
  163  9:40  Hyperflight Rotors  
  163  9:44  Hellion  
  165  9:48  Missile Turret  
  162  9:54  Banshee x2  
  162  9:56  SCV  
  162  9:58  Hellion x2  
  168  10:06  Cyclone x2  
  174  10:18  Hellion  
  174  10:19  Hellion  
  182  10:28  Hellion x2  
  182  10:30  Banshee  
  183  10:40  Siege Tank  
  186  10:46  Siege Tank  
  187  10:50  Hellion x2  
  175  10:59  Banshee  
  168  11:12  Siege Tank  
  168  11:14  Cyclone  
  168  11:17  Hellion  
  168  11:18  Hellion x2  
Show
View Real Time Build Order
Export as new Build Order

ReiGn Protoss 

Build Orders: 1 Gate Expand, Double Forge 

Get SALT Encoding   

  12  0:01  Probe (Chrono Boost)  
  13  0:11  Probe (Chrono Boost)  
  14  0:18  Pylon  
  14  0:22  Probe (Chrono Boost)  
  15  0:37  Probe (Chrono Boost), Gateway  
  16  0:43  Assimilator  
  16  0:47  Probe (Chrono Boost)  
  17  0:58  Probe (Chrono Boost)  
  18  1:08  Probe (Chrono Boost)  
  19  1:19  Probe (Chrono Boost)  
  19  1:24  Nexus  
  20  1:36  Cybernetics Core  
  20  1:37  Probe (Chrono Boost)  
  21  1:48  Probe (Chrono Boost)  
  21  1:52  Assimilator  
  21  1:57  Pylon  
  21  1:58  Probe (Chrono Boost)  
  22  2:09  Probe (Chrono Boost)  
  22  2:15  Warp Gate, Adept (Chrono Boost)  
  25  2:20  Probe  
  26  2:33  Mothership Core (Chrono Boost)  
  26  2:36  Probe (Chrono Boost)  
  28  2:38  Adept (Chrono Boost)  
  31  2:48  Probe (Chrono Boost)  
  32  2:52  Probe (Chrono Boost), Robotics Facility  
  34  2:58  Probe (Chrono Boost)  
  34  3:19  Probe (Chrono Boost)  
  35  3:23  Probe (Chrono Boost)  
  35  3:25  Adept  
  38  3:27  Twilight Council  
  38  3:29  Probe (Chrono Boost)  
  38  3:33  Probe (Chrono Boost)  
  40  3:36  Gateway  
  40  3:39  Gateway  
  40  3:40  Probe (Chrono Boost)  
  42  3:41  Observer (Chrono Boost)  
  42  3:42  Pylon  
  42  3:45  Probe  
  43  3:50  Pylon  
  40  4:07  Probe  
  41  4:10  Probe  
  41  4:11  Observer (Chrono Boost)  
  41  4:12  Blink (Chrono Boost)  
  43  4:19  Probe  
  43  4:21  Probe  
  45  4:31  Probe  
  45  4:32  Probe, Assimilator  
  45  4:36  Observer  
  45  4:37  Assimilator  
  48  4:42  Probe  
  48  4:43  Forge, Probe  
  48  4:44  Forge  
  48  4:45  Stalker x2  
  50  5:07  Stalker  
  50  5:11  Probe  
  53  5:16  Probe  
  54  5:23  Probe  
  54  5:24  Observer  
  54  5:25  Stalker  
  54  5:26  Probe, Stalker  
  61  5:35  Probe, Protoss Ground Weapons Level 1 (Chrono Boost)  
  59  5:37  Probe  
  61  5:48  Probe  
  61  5:49  Nexus  
  62  5:58  Probe  
  62  6:03  Protoss Ground Armor Level 1 (Chrono Boost)  
  62  6:08  Pylon  
  62  6:14  Charge, Pylon  
  62  6:26  Probe x2, Warp Prism  
  66  6:36  Stalker x3  
  66  6:38  Probe x2  
  73  6:44  Photon Cannon  
  73  6:50  Probe x2  
  73  6:53  Photon Cannon  
  75  6:58  Templar Archives  
  75  7:01  Robotics Bay  
  75  7:02  Probe x2  
  75  7:06  Probe  
  78  7:14  Probe x2  
  78  7:15  Photon Cannon  
  80  7:16  Probe  
  81  7:25  Robotics Facility  
  81  7:26  Zealot  
  81  7:27  Probe x3  
  84  7:39  Probe  
  85  7:47  Probe x2  
  85  7:50  Assimilator  
  87  7:51  Stalker x3  
  87  7:54  Assimilator  
  93  8:04  Probe  
  93  8:05  Probe  
  93  8:10  Protoss Ground Weapons Level 2 (Chrono Boost), Protoss Ground Armor Level 2 (Chrono Boost)  
  93  8:14  Pylon  
  93  8:15  Pylon  
  93  8:24  Nexus  
  93  8:25  Pylon x2  
  93  8:30  Probe  
  93  8:31  Disruptor x2  
  93  8:32  Probe  
  99  8:47  Probe  
  100  8:49  Probe x2  
  101  8:56  Stalker, Gateway  
  101  8:57  Stalker x2, Gateway  
  101  8:59  Gateway  
  101  9:01  Gateway  
  107  9:07  Probe  
  108  9:11  Disruptor x2  
  114  9:17  Probe  
  115  9:25  Zealot x3  
  121  9:38  Probe  
  121  9:43  Photon Cannon  
  122  9:47  Zealot x3, Disruptor x2  
  122  9:52  Probe  
  135  9:58  Probe  
  128  10:04  Probe  
  123  10:13  Stalker x5  
  123  10:14  Stalker x2  
  133  10:23  Disruptor, Warp Prism  
  133  10:24  Pylon  
  133  10:25  Pylon  
  133  10:27  Pylon  
  138  10:32  Gateway  
  138  10:33  Gateway  
  138  10:45  Zealot x7  
  144  11:00  Pylon  
  110  11:28  Pylon  
  106  11:35  Pylon  
  106  11:37  Pylon  
  106  11:38  Pylon  
  89  11:40  Pylon  
Tags
 
Add a new tag
Caveats
  • Supply blocks, unpowered buildings, or Contaminate may cause inaccurate times.
  • Supply counts are checked every 10 seconds.